 Dungeon Crawl Stone Soup version 0.23.0 (webtiles) character file.

Game seed: 3654465034741603312

51 Moonlightfire the Skirmisher (level 3, 0/33 HPs)
             Began as a Draconian Fighter on Feb 17, 2019.
             Succumbed to an adder's poison
             ... on level 2 of the Dungeon.
             The game lasted 00:08:13 (640 turns).

Moonlightfire the Skirmisher (Draconian Fighter)     Turns: 640, Time: 00:08:14

Health: 0/33       AC:  5    Str: 19    XL:     3   Next: 58%
Magic:  3/3        EV: 10    Int: 10    God:
Gold:   13         SH:  9    Dex:  8    Spells: 2/2 levels left

rFire    . . .     SeeInvis .   a - +0 long sword
rCold    . . .     Gourm    .   b - +1 shield
rNeg     . . .     Faith    .   (armour unavailable)
rPois    +         Spirit   .   (helmet restricted)
rElec    .         Reflect  .   (no cloak)
rCorr    .         Harm     .   (no gloves)
MR       .....                  (no boots)
Stlth    +.........             (no amulet)
HPRegen  0.11/turn              (no ring)
MPRegen  0.08/turn              (no ring)

@: lethally poisoned (0 -> -4)
A: unfitting armour, clever 1, clumsy 1, deterioration 1, poison resistance,
cold-blooded, AC +5
a: no special abilities


You were on level 2 of the Dungeon.
You were not hungry.

You visited 1 branch of the dungeon, and saw 2 of its levels.

You collected 13 gold pieces.

Inventory:

Hand Weapons
 a - a +0 long sword (weapon)
 j - a +0 club
 k - a +0 whip
 m - a +0 spear
 n - a +0 mace
Missiles
 e - a throwing net
 g - 47 stones (quivered)
 h - 27 arrows
Armour
 b - a +1 shield (worn)
 c - a +0 robe
 f - a +0 ring mail
 i - a +0 ring mail
 l - a +0 leather armour
Comestibles
 d - 2 rations


   Skills:
 + Level 4.0 Fighting
 + Level 2.4 Long Blades
 + Level 3.2 Dodging
 + Level 3.2 Shields


You had 2 spell levels left.
You didn't know any spells.
Your spell library was empty.

Dungeon Overview and Level Annotations

Branches:
Dungeon (2/15)

Altars:


Innate Abilities, Weirdness & Mutations

Your plain brown scales are hard. (AC +5)
You cannot fit into any form of body armour.
You are cold-blooded and may be slowed by cold attacks.
Your mind is acute. (Int +2)
You are clumsy. (Dex -2)
Your body sometimes deteriorates upon taking damage.
Your system is resistant to poisons. (rPois)


Message History

A kobold comes into view.
The kobold shouts!
The kobold moves out of view.
You block the bat's attack.
A leopard gecko and a kobold come into view.
You block the adder's attack. You block the bat's attack.
A frilled lizard comes into view.
The frilled lizard hisses angrily.
The leopard gecko hisses angrily.
The bat hits you.
* * * LOW HITPOINT WARNING * * *
The adder bites you.
* * * LOW HITPOINT WARNING * * *
You are lethally poisoned!
The adder poisons you!
* * * LOW HITPOINT WARNING * * *
You feel sick.
You slash the adder!
You kill the adder!
The bat barely misses you.
You die...

### #.##########.#
##............#######.#..
................b....... .
#............b##.###....
.###............@.l........
.....#.......#....Kl.#.....
..........#(.....#...l..#..
........#.....#.....#K....
.......#.†.†#....#....#....
.†...#...#...#...#...#...#.
...^....#..#..#..#..#..#..#
.....#.#.#.#.#.#.#.#.#.# #.
.#####.##.##.##.##


You could see a leopard gecko, a bat, 2 kobolds and 2 frilled lizards.

Vanquished Creatures
  An iguana (D:2)
  An adder (D:2)
  2 dart slugs (D:2)
  2 bats (D:2)
  A goblin (D:2)
  A hobgoblin (D:1)
  A quokka (D:2)
  2 frilled lizards
  3 kobolds
  2 rats (D:2)
16 creatures vanquished.

Notes
Turn   | Place    | Note
-------+----------+-------------------------------------------
     0 | D:1      | Moonlightfire the Draconian Fighter began the quest for the
                  | Orb.
     0 | D:1      | Reached XP level 1. HP: 19/19 MP: 1/1
   304 | D:1      | You fall through a shaft!
   389 | D:2      | Gained mutation: Your spells are a little harder to cast,
                  | but a little more powerful. [potion of mutation]
   389 | D:2      | Gained mutation: Your mind is acute. (Int +2) [potion of
                  | mutation]
   389 | D:2      | Gained mutation: Your muscles are strong. (Str +2) [potion
                  | of mutation]
   437 | D:2      | Reached XP level 2. HP: 11/26 MP: 2/2
   524 | D:2      | Lost mutation: Your muscles are strong. (Str +2) [potion of
                  | mutation]
   524 | D:2      | Lost mutation: Your spells are a little harder to cast, but
                  | a little more powerful. [potion of mutation]
   524 | D:2      | Gained mutation: You are clumsy. (Dex -2) [potion of
                  | mutation]
   524 | D:2      | Gained mutation: Your body sometimes deteriorates upon
                  | taking damage. [potion of mutation]
   524 | D:2      | Gained mutation: Your system is resistant to poisons.
                  | (rPois) [potion of mutation]
   605 | D:2      | Reached XP level 3. HP: 13/33 MP: 3/3
   612 | D:2      | Reached skill level 4 in Fighting
   638 | D:2      | HP: 1/33 [poisoned by an adder]
   640 | D:2      | Succumbed to an adder's poison

Skill      XL: |  1  2  3 |
---------------+----------+-----
Dodging        | 3 |  3.2
Fighting       | 4 |  4.0
Long Blades    | |  2.4
Shields        | |  3.2

Action                   || total
-------------------------++-------
Melee: Long sword        ||    39
       Tailslap          ||     5
  Use: Scroll            ||     3
       Potion            ||     3
Armor: Skin              ||    14
Dodge: Dodged            ||    34
Block: Shield            ||    40
       Rpst.: Long sword ||     9
